 Dungeon Crawl Stone Soup version 0.30-a0-451-ge042605de7 (webtiles) character file.

Game seed: 9962943961782123409

8025 billz999 the Skirmisher (level 11, -5/129 HPs)
             Began as a Gnoll Hunter on Dec 11, 2022.
             Was a Believer of Dithmenos.
             Slain by a skeletal warrior
             ... wielding a +0 mace
              (10 damage)
             ... on level 11 of the Dungeon.
             The game lasted 00:22:00 (11974 turns).

billz999 the Skirmisher (Gnoll Hunter)             Turns: 11974, Time: 00:22:01

Health: -5/129     AC: 25    Str: 13 (16) XL:     11   Next: 24%
Magic:  20/20      EV:  2    Int:  6 (8)  God:    Dithmenos [**....]
Gold:   965        SH:  0    Dex: 25 (27) Spells: 22/22 levels left

rFire   + . .      SeeInvis .    a - +0 shortbow
rCold   + . .      Faith    .    (shield currently unavailable)
rNeg    . . .      Spirit   .    (body armour currently unavailable)
rPois   +          Reflect  .    (helmet currently unavailable)
rElec   +          Harm     .    (cloak currently unavailable)
rCorr   +          Rampage  .    (gloves currently unavailable)
Will    .....      NoTele   +    (boots currently unavailable)
Stlth   +++++.....               (no amulet)
HPRegen 0.41/turn                J - +6 ring of strength
MPRegen 0.17/turn                d - +6 ring of dexterity

@: mighty, brilliant, tree-form, resistant, wreathed by umbra, invisible
A: stationary, stasis, torment immunity, boosted hp, (fangs 1), strong nose,
distributed training, (antennae 1), (hooves 1)
a: Renounce Religion, Shadow Step


You were on level 11 of the Dungeon.
You worshipped Dithmenos.
Dithmenos was pleased with you.
You were a tree.
You visited 1 branch of the dungeon, and saw 12 of its levels.

You collected 965 gold pieces.

Inventory:

Hand Weapons
 a - a +0 shortbow (weapon)
 g - a +4 short sword
 s - a +2 dagger of protection
Armour
 c - a +0 leather armour
 i - +0 acid dragon scales (melded)
 D - a +0 cloak (melded)
 H - +0 steam dragon scales
Jewellery
 d - a +6 ring of dexterity (right branch)
 J - a +6 ring of strength (left branch)
Wands
 B - a wand of flame (6)
 C - a wand of polymorph (3)
 F - a wand of digging (9)
Scrolls
 b - 3 scrolls of immolation
 e - a scroll of noise
 j - a scroll of amnesia
 k - 4 scrolls of magic mapping
 o - 2 scrolls of torment
 p - 3 scrolls of enchant weapon
 t - a scroll of summoning
 w - a scroll of silence
 x - 4 scrolls of vulnerability
 y - 2 scrolls of enchant armour
 A - 2 scrolls of fear
 E - a scroll of identify
Potions
 f - a potion of lignification
 l - a potion of invisibility
 m - 2 potions of flight
 n - a potion of brilliance
 q - a potion of might
 u - a potion of magic
 v - a potion of mutation
 z - 2 potions of degeneration
 G - a potion of curing
Miscellaneous
 I - a phial of floods (inert)


   Skills:
 + Level 7.9 Fighting
 + Level 6.3 Short Blades
 + Level 6.3 Long Blades
 + Level 6.3 Axes
 + Level 6.3 Maces & Flails
 + Level 6.3 Polearms
 + Level 6.3 Staves
 + Level 10.6 Ranged Weapons
 + Level 6.3 Throwing
 + Level 6.3 Armour
 + Level 7.9 Dodging
 + Level 6.8 Stealth
 + Level 6.3 Shields
 + Level 6.3 Unarmed Combat
 + Level 6.3 Spellcasting
 + Level 5.2 Conjurations
 + Level 5.2 Hexes
 + Level 5.2 Summonings
 + Level 5.2 Necromancy
 + Level 5.2 Translocations
 + Level 5.2 Transmutations
 + Level 5.2 Fire Magic
 + Level 5.2 Ice Magic
 + Level 5.2 Air Magic
 + Level 5.2 Earth Magic
 + Level 5.2 Poison Magic
 + Level 6.9 Invocations
 + Level 6.3 Evocations


You had 22 spell levels left.
You didn't know any spells.
Your spell library contained the following spells:

 Spells                   Type           Power      Damage    Failure   Level
 Frozen Ramparts          Ice            24%        1d4       9%          3
 Tukima's Dance           Hex            12%        N/A       9%          3
 Ice Form                 Ice/Tmut       12%        N/A       30%         4
 Passage of Golubria      Tloc           12%        N/A       30%         4
 Summon Ice Beast         Ice/Summ       12%        N/A       30%         4
 Yara's Violent Unravell  Hex/Tmut       6%         3d5       63%         5


Dungeon Overview and Level Annotations

Branches:
Dungeon (12/15)            Temple (0/1) D:7            Lair (0/5) D:9
    Orc: D:9-12

Altars:
Ashenzari
Cheibriados
Dithmenos
Gozag
Hepliaklqana
Makhleb
Okawaru
Zin

Shops:
D:5 :

Annotations:
D:1 2 transporters
D:3 2 transporters, bchevrier's ghost, amateur GnWn
D:4 Ijyb


Innate Abilities, Weirdness & Mutations

You are a tree.
Your roots penetrate the ground, keeping you stationary.
You cannot be teleported.
You are immune to unholy pain and torment.
Your maximum health is greatly increased.
Your equipment is partially melded.
((You have very sharp teeth.))
Your uncanny sense of smell can sniff out nearby items.
Your experience applies equally to all skills.
((You have a pair of small antennae on your head.))
((You have large cloven feet.))


Message History

You fly up into the air.
The skeletal warrior closely misses you.
It was a potion of might.
You feel very mighty all of a sudden. The skeletal warrior barely misses you.
The skeletal warrior attacks as you move away!
The skeletal warrior hits you with a +0 mace!
* * * LOW HITPOINT WARNING * * *
It was a potion of lignification.
You turn into a tree.
Your +0 cloak melds into your body.
Your +0 acid dragon scales melds into your body.
Your roots penetrate the ground.
The skeletal warrior hits you with a +0 mace.
* * * LOW HITPOINT WARNING * * *
It was a potion of invisibility.
You fade into invisibility!
The skeletal warrior hits you with a +0 mace!
* * * LOW HITPOINT WARNING * * *
Unknown command.
It was a potion of degeneration.
There was something very wrong with that liquid.
You feel weakened.
You feel dopey.
You feel clumsy.
The skeletal warrior hits you with a +0 mace.
* * * LOW HITPOINT WARNING * * *
It was a potion of magic.
Magic courses through your body.
The skeletal warrior hits you but does no damage.
It was a potion of mutation.
You feel extremely strange. A pair of antennae grows on your head!
Your feet thicken and deform.
The skeletal warrior barely misses you.
It was a potion of resistance.
You feel protected.
The skeletal warrior completely misses you.
Fire: a) +0 shortbow
Press: ? - help, Shift-Dir - straight line, f - skeletal warrior
Aim: a skeletal warrior, wielding a +0 mace (lightly damaged, unable to see you, umbra, 71% to hit)
You shoot an arrow.
The arrow hits the skeletal warrior but does no damage.
The skeletal warrior is lightly damaged.
The skeletal warrior hits you with a +0 mace!
You die...

########### #.........#
#.#######.# #.# #.# #.##### #.#
#.....# #.# #####.# #.#
##########.###.################
................♣z>...........#
##########.###.###.#######.####
#.# #...)(..).....# #.#
#####.######..# #.# #.# #..#
#.# ##.# #..# ########'###
##..# #..#
#..........###..#######..#
#.....................#..#


You could see a skeletal warrior (unable to see you).

Vanquished Creatures
  A centaur warrior (D:10)
  A two-headed ogre (D:11)
  Lodul (D:10)
  A deep elf pyromancer (D:10)
  A manticore (D:7)
  2 gargoyles
  An unseen horror (D:11)
  A meliai (D:8)
  A troll (D:9)
  A vampire (D:10)
  3 yaks (D:9)
  2 steam dragons
  A vampire mosquito (D:10)
  2 acid dragons (D:11)
  A black bear (D:4)
  2 orc warriors
  A sky beast (D:7)
  An ice beast (D:5)
  7 ogres
  2 centaurs
  A phantom (D:4)
  2 kobold brigands
  A bullfrog (D:6)
  A gnoll sergeant (D:8)
  2 necrophages (D:5)
  2 scorpions
  7 wights
  2 howler monkeys (D:8)
  A jelly (D:8)
  5 orc priests
  An iguana (D:5)
  18 orc wizards
  6 gnolls
  6 adders
  2 shadow imps
  A white imp (D:8)
  An ufetubus (D:6)
  3 worms
  A dart slug (D:5)
  29 orcs
  3 ball pythons (D:1)
  4 bats
  4 endoplasms
  6 giant cockroaches
  9 goblins
  3 hobgoblins
  A jackal (D:4)
  3 quokkas
  3 frilled lizards
  16 kobolds
  2 rats
179 creatures vanquished.

Vanquished Creatures (others)
  An orc wizard (D:4)
  6 plants (D:3)
7 creatures vanquished.

Grand Total: 186 creatures vanquished

Notes
Turn   | Place    | Note
-------+----------+-------------------------------------------
     0 | D:1      | billz999 the Gnoll Hunter began the quest for the Orb.
     0 | D:1      | Reached XP level 1. HP: 20/20 MP: 1/1
    52 | D:1      | Reached XP level 2. HP: 26/26 MP: 2/2
   248 | D:1      | Found a faded altar of an unknown god.
   675 | D:2      | Reached XP level 3. HP: 31/31 MP: 3/3
   858 | D:2      | Reached skill level 1 in Invocations
  1341 | D:3      | Reached skill level 1 in Short Blades
  1341 | D:3      | Reached skill level 1 in Long Blades
  1341 | D:3      | Reached skill level 1 in Axes
  1341 | D:3      | Reached skill level 1 in Maces & Flails
  1341 | D:3      | Reached skill level 1 in Polearms
  1341 | D:3      | Reached skill level 1 in Staves
  1341 | D:3      | Reached skill level 1 in Throwing
  1341 | D:3      | Reached skill level 1 in Armour
  1341 | D:3      | Reached skill level 1 in Shields
  1341 | D:3      | Reached skill level 1 in Unarmed Combat
  1341 | D:3      | Reached skill level 1 in Spellcasting
  1341 | D:3      | Reached skill level 1 in Evocations
  1438 | D:3      | Reached XP level 4. HP: 38/38 MP: 5/5
  1492 | D:3      | Reached skill level 1 in Conjurations
  1492 | D:3      | Reached skill level 1 in Hexes
  1492 | D:3      | Reached skill level 1 in Summonings
  1492 | D:3      | Reached skill level 1 in Necromancy
  1492 | D:3      | Reached skill level 1 in Translocations
  1492 | D:3      | Reached skill level 1 in Transmutations
  1492 | D:3      | Reached skill level 1 in Fire Magic
  1492 | D:3      | Reached skill level 1 in Ice Magic
  1492 | D:3      | Reached skill level 1 in Air Magic
  1492 | D:3      | Reached skill level 1 in Earth Magic
  1492 | D:3      | Reached skill level 1 in Poison Magic
  1745 | D:3      | Noticed bchevrier's ghost (amateur GnWn)
  1787 | D:3      | Found a transporter.
  1821 | D:3      | Reached XP level 5. HP: 43/43 MP: 7/7
  1988 | D:3      | Found a transporter.
  2135 | D:4      | Noticed a phantom
  2149 | D:4      | Killed a phantom
  2242 | D:4      | Noticed an ogre
  2249 | D:4      | Killed an ogre
  2250 | D:4      | Reached skill level 5 in Fighting
  2250 | D:4      | Reached skill level 5 in Dodging
  2250 | D:4      | Reached XP level 6. HP: 28/51 MP: 7/9
  2533 | D:4      | Noticed Ijyb
  2563 | D:5      | Entered Level 5 of the Dungeon
  2674 | D:5      | Reached XP level 7. HP: 56/56 MP: 10/10
  2960 | D:5      | Reached skill level 9 in Ranged Weapons
  3229 | D:5      | Found Omahefue's Book Shoppe.
  3527 | D:5      | Reached XP level 8. HP: 52/63 MP: 12/12
  4760 | D:7      | Found a glowing silver altar of Zin.
  4819 | D:7      | Noticed a manticore
  4827 | D:7      | Killed a manticore
  5079 | D:7      | Found a shadowy altar of Dithmenos.
  5090 | D:7      | Became a worshipper of Dithmenos the Shadowed
  5098 | D:7      | Reached XP level 9. HP: 63/66 MP: 14/14
  5227 | D:7      | Found a staircase to the Ecumenical Temple.
  5541 | D:7      | Found a broken altar of Ashenzari.
  5661 | D:7      | Found a burning altar of Makhleb.
  6129 | D:8      | Found a snail-covered altar of Cheibriados.
  6386 | D:8      | Reached skill level 5 in Stealth
  6761 | D:8      | Reached * piety under Dithmenos
  7280 | D:8      | Noticed a komodo dragon
  7285 | D:8      | a komodo dragon changed into a meliai
  7285 | D:8      | Noticed a meliai
  7291 | D:8      | Killed a meliai
  7292 | D:8      | Reached skill level 5 in Invocations
  7875 | D:9      | Noticed a troll
  7886 | D:9      | Killed a troll
  8042 | D:9      | Found a hazy altar of Hepliaklqana.
  8153 | D:9      | Reached skill level 5 in Short Blades
  8153 | D:9      | Reached skill level 5 in Long Blades
  8153 | D:9      | Reached skill level 5 in Axes
  8153 | D:9      | Reached skill level 5 in Maces & Flails
  8153 | D:9      | Reached skill level 5 in Polearms
  8153 | D:9      | Reached skill level 5 in Staves
  8153 | D:9      | Reached skill level 5 in Throwing
  8153 | D:9      | Reached skill level 5 in Armour
  8153 | D:9      | Reached skill level 5 in Shields
  8153 | D:9      | Reached skill level 5 in Unarmed Combat
  8153 | D:9      | Reached skill level 5 in Spellcasting
  8153 | D:9      | Reached skill level 5 in Evocations
  8153 | D:9      | Reached XP level 10. HP: 72/77 MP: 17/17
  8162 | D:9      | Reached skill level 10 in Ranged Weapons
  8531 | D:9      | Found a staircase to the Lair.
  8842 | D:9      | Found an iron altar of Okawaru.
  8913 | D:10     | Entered Level 10 of the Dungeon
  8947 | D:10     | Noticed Lodul
  8971 | D:10     | Killed Lodul
  9641 | D:10     | Noticed a gargoyle
  9654 | D:10     | Killed a gargoyle
 10003 | D:10     | Noticed a centaur warrior
 10003 | D:10     | Noticed a skeletal warrior
 10042 | D:10     | Noticed a deep elf pyromancer
 10090 | D:10     | Killed a deep elf pyromancer
 10090 | D:10     | Reached ** piety under Dithmenos
 10094 | D:10     | Noticed a centaur warrior
 10119 | D:10     | Killed a centaur warrior
 10162 | D:10     | Reached skill level 5 in Conjurations
 10162 | D:10     | Reached skill level 5 in Hexes
 10162 | D:10     | Reached skill level 5 in Summonings
 10162 | D:10     | Reached skill level 5 in Necromancy
 10162 | D:10     | Reached skill level 5 in Translocations
 10162 | D:10     | Reached skill level 5 in Transmutations
 10162 | D:10     | Reached skill level 5 in Fire Magic
 10162 | D:10     | Reached skill level 5 in Ice Magic
 10162 | D:10     | Reached skill level 5 in Air Magic
 10162 | D:10     | Reached skill level 5 in Earth Magic
 10162 | D:10     | Reached skill level 5 in Poison Magic
 10162 | D:10     | Reached XP level 11. HP: 34/85 MP: 20/20
 10312 | D:10     | Noticed a brown ugly thing
 11056 | D:11     | Found an opulent altar of Gozag.
 11176 | D:11     | Noticed a boulder beetle
 11211 | D:12     | Noticed a skeletal warrior
 11211 | D:12     | Noticed a skeletal warrior
 11211 | D:12     | Noticed a skeletal warrior
 11211 | D:12     | Noticed a skeletal warrior
 11595 | D:11     | Noticed a two-headed ogre
 11616 | D:11     | Killed a two-headed ogre
 11951 | D:12     | Noticed a boulder beetle
 11969 | D:11     | HP: 4/129 [skeletal warrior/+0 mace (10)]
 11972 | D:11     | Gained mutation: You have a pair of small antennae on your
                  | head. [potion of mutation]
 11972 | D:11     | Gained mutation: You have large cloven feet. [potion of
                  | mutation]
 11974 | D:11     | Slain by a skeletal warrior

Illustrated notes

Levels and vault maps discovered:
D:1:      spicycebolla_arrival_transporter_tutorial, layout_rooms,
          chequers_ecumenical_altar_twisty
D:2:      layout_loops_ring
D:3:      layout_loops_corners, gammafunk_ghost_gnarly_gnolls,
          nrook_loot_triangle
D:4:      layout_gridville, nicolae_vehumet_radiance,
          minmay_a_box_with_orc_wizards_in_it, uniq_ijyb
D:5:      layout_rooms, serial_shops, nicolae_shop_hallway_stairs, minivault_27
D:6:      layout_basic
D:7:      layout_basic, mainiacjoe_overflow_boulevard,
          mainiacjoe_overflow_brackets, amcnicky_altar_gilded,
          ashenzari_conservatory_becter, temple_doors_e
D:8:      layout_basic, cheibrodos_worm_habitat, minmay_crystal_room
D:9:      layout_loops_corners, mainiacjoe_overflow_concentric_impassable,
          kennysheep_okawaru_gauntlet, dpeg_oklobed_lair
D:10:     layout_roguey, trog_hazing_becter, minivault_28, uniq_lodul
D:11:     layout_basic, nicolae_gozag_seed_capital
D:12:     layout_stronghold, kennysheep_orc_monster_closet_entryway, uniq_psyche

Skill      XL: |  1  2  3  4  5  6  7  8  9 10 |
---------------+-------------------------------+-----
Invocations    | 1 2 3 4 5 6 |  6.9
Short Blades   | 1 2 3 5 6 |  6.3
Long Blades    | 1 2 3 5 6 |  6.3
Axes           | 1 2 3 5 6 |  6.3
Maces & Flails | 1 2 3 5 6 |  6.3
Polearms       | 1 2 3 5 6 |  6.3
Staves         | 1 2 3 5 6 |  6.3
Throwing       | 1 2 3 5 6 |  6.3
Armour         | 1 2 3 5 6 |  6.3
Shields        | 1 2 3 5 6 |  6.3
Unarmed Combat | 1 2 3 5 6 |  6.3
Spellcasting   | 1 2 3 5 6 |  6.3
Evocations     | 1 2 3 5 6 |  6.3
Conjurations   | 1 2 3 4 5 |  5.2
Hexes          | 1 2 3 4 5 |  5.2
Summonings     | 1 2 3 4 5 |  5.2
Necromancy     | 1 2 3 4 5 |  5.2
Translocations | 1 2 3 4 5 |  5.2
Transmutations | 1 2 3 4 5 |  5.2
Fire Magic     | 1 2 3 4 5 |  5.2
Ice Magic      | 1 2 3 4 5 |  5.2
Air Magic      | 1 2 3 4 5 |  5.2
Earth Magic    | 1 2 3 4 5 |  5.2
Poison Magic   | 1 2 3 4 5 |  5.2
Stealth        | 3 4 5 6 |  6.8
Fighting       | 5 6 7 |  7.9
Dodging        | 5 6 7 |  7.9
Ranged Weapons | 9 10 | 10.6

Action                   |  1- 3 |  4- 6 |  7- 9 | 10-12 || total
-------------------------+-------+-------+-------+-------++-------
Melee: Dagger            |       |       |    26 |    50 ||    76
       Short sword       |       |       |    17 |     9 ||    26
       Bite              |       |       |     5 |     7 ||    12
       Punch             |       |       |       |     3 ||     3
 Fire: Shortbow          |    98 |   114 |   324 |   295 ||   831
Throw: Throwing net      |       |       |     1 |       ||     1
Evoke: Wand              |       |       |    12 |     8 ||    20
       Phial of floods   |       |       |       |     1 ||     1
  Use: Scroll            |       |       |    13 |     4 ||    17
       Potion            |       |       |     3 |    14 ||    17
Armor: Leather armour    |     7 |     8 |    20 |       ||    35
       Steam dragon scal |       |       |     8 |    37 ||    45
       Acid dragon scale |       |       |       |     9 ||     9
       Skin              |       |       |       |     1 ||     1
Dodge: Dodged            |    14 |    39 |   172 |   204 ||   429

Table legend: (Time is in decaauts)
 A = Elapsed time spent in this place.
 B = Non-inter-level travel time spent in this place.
 C = Inter-level travel time spent in this place.
 D = Time resting spent in this place.
 E = Time spent auto-exploring this place.
 F = Levels seen in this place.
 G = Mean time per level.
                   A        B        C        D        E       F      G
               +--------+--------+--------+--------+--------+-----+--------+
         Total |  12010 |  11508 |    502 |   2401 |   7405 |  12 | 1000.8 |
       Dungeon |  12010 |  11508 |    502 |   2401 |   7405 |  12 | 1000.8 |
               +--------+--------+--------+--------+--------+-----+--------+

Top non-repeatable levels by time:
     D:9: 1902 daAuts
     D:8: 1656 daAuts
    D:11: 1254 daAuts
     D:7: 1198 daAuts
    D:10: 1192 daAuts
     D:5: 1160 daAuts
     D:3: 971 daAuts
     D:6: 895 daAuts
     D:2: 646 daAuts
     D:1: 513 daAuts
     D:4: 512 daAuts
    D:12: 107 daAuts
